 Dungeon Crawl Stone Soup version 0.15-a0-23-gfd8676b (webtiles) character file.

142 4tharraofdagon the Ducker (level 3, -13/28 HPs)
             Began as a Demonspawn Gladiator on Mar 31, 2014.
             Was an Initiate of Cheibriados.
             Shot with an arrow of frost by a centaur (21 damage)
             ... on Level 5 of the Dungeon.
             The game lasted 00:03:05 (565 turns).

4tharraofdagon the Ducker (Demonspawn Gladiator)     Turns: 565, Time: 00:03:05

HP -13/28        AC 10     Str 17      XL: 3   Next: 87%
MP   4/4         EV 12     Int 10      God: Cheibriados [......]
Gold 79          SH  0     Dex 14      Spells:  0 memorised,  2 levels left

rFire  . . .     SeeInvis .     t - +1 flail (protect)
rCold  . . .     Clarity  .     b - +0 leather armour
rNeg   . . .     Conserve .     (no shield)
rPois  .         rCorr    .     s - +2 hat
rElec  .         rRot     .     (no cloak)
SustAb . .       Spirit   .     (no gloves)
rMut   .         Warding  .     (no boots)
Saprov . . .     Stasis   .     (no amulet)
MR     .....                    (no ring)
                                (no ring)

@: very slow, not resistant to hostile enchantments, unstealthy
A: claws 1
a: Bend Time, Renounce Religion


You were on level 5 of the Dungeon.
You worshipped Cheibriados.
Cheibriados was noncommittal.
You were not hungry.

You visited 2 branches of the dungeon, and saw 6 of its levels.

You collected 79 gold pieces.

Inventory:

Hand weapons
 a - a +0,+0 quarterstaff
 t - a +1,+1 flail of protection (weapon)
Missiles
 d - a throwing net (quivered)
 j - 5 javelins
 o - an exploding dart
Armour
 b - a +0 leather armour (worn)
 c - a +0 helmet
 s - a +2 hat (worn)
Magical devices
 i - a wand of digging (14)
 n - a wand of frost (16)
Comestibles
 f - a bread ration
 m - 2 meat rations
 u - 3 chunks of worker ant flesh
Scrolls
 g - a scroll of amnesia {unknown}
 k - a scroll of immolation {unknown}
 l - a scroll of teleportation {unknown}
 r - 2 scrolls of remove curse {unknown}
Potions
 h - a potion of curing
 p - a potion of haste
 q - a potion of cure mutation


   Skills:
 + Level 2.8 Fighting
 - Level 2.9 Staves
 - Level 1.7 Throwing
 + Level 3.1 Dodging
 * Level 2.4 Invocations


You had 2 spell levels left.
You didn't know any spells.

Dungeon Overview and Level Annotations

Branches:
Dungeon (5/15)             Temple (1/1) D:4

Altars:
Cheibriados
Elyvilon
Fedhas
Sif Muna
Trog
Vehumet
Xom
Zin
Lugonu


Innate Abilities, Weirdness & Mutations

You have sharp fingernails.


Message History

The worker ant zombie closely misses you.
The worker ant zombie bites you but does no damage.
You sock the worker ant zombie!
The worker ant zombie bites you but does no damage.
You hit the worker ant zombie.
The worker ant zombie barely misses you.
You hit the worker ant zombie.
You destroy the worker ant zombie!
Cheibriados appreciates the change of pace.
You see here a rat corpse.
You open the door.
Found a white marble altar of Elyvilon.
A centaur comes into view.
The centaur shouts!
The centaur wields a bow.
The centaur shoots an arrow of frost.
The arrow of frost hits you!
* * * LOW HITPOINT WARNING * * *
The centaur shoots an arrow of frost.
The arrow of frost hits you!
Ouch! That really hurt!
You die...

#.###....# #.## ##### ###
...# #.. .### #..# . ##..
...# ...# ..c ... .<.####
##.# ....#.. #.......
...# ..... ##...... ...#
#..##........ ##.#
#..@...### . # .#
#......#_# ..# ##.#
####...#'#...#
...######### #.......#
####.......# #.......#
.###.#####.# ###%#######
...........####.........#
.###.##.#.....#.#.###.#.#
## #.## #.........###.#


You could see a centaur.

Vanquished Creatures
  A worker ant (D:4)
  A worker ant zombie (D:5)
  An adder (D:5)
  An iguana zombie (D:5)
  A giant gecko (D:2)
  An orc (D:4)
  A bat (D:1)
  2 goblins (D:1)
  A hobgoblin (D:1)
  2 kobolds
  5 rats
17 creatures vanquished.

Notes
Turn   | Place    | Note
--------------------------------------------------------------
     0 | D:1      | 4tharraofdagon, the Demonspawn Gladiator, began the quest for the Orb.
     0 | D:1      | Reached XP level 1. HP: 16/16 MP: 1/1
   131 | D:1      | Gained mutation: You have sharp fingernails. [demonic ancestry]
   131 | D:1      | Reached XP level 2. HP: 6/22 MP: 2/2
   237 | D:3      | Found a bloodstained altar of Trog.
   321 | D:4      | Found a staircase to the Ecumenical Temple.
   345 | Temple   | Entered the Ecumenical Temple
   363 | Temple   | Became a worshipper of Cheibriados the Contemplative
   446 | D:4      | Reached skill level 3 in Dodging
   446 | D:4      | Reached skill level 1 in Invocations
   446 | D:4      | Reached XP level 3. HP: 26/28 MP: 3/3
   467 | D:4      | You fall through a shaft!
   467 | D:5      | Entered Level 5 of the Dungeon
   561 | D:5      | Found a white marble altar of Elyvilon.
   564 | D:5      | Noticed a centaur
   565 | D:5      | Shot with an arrow of frost by a centaur

Action                   || total
-------------------------++-------
Melee: Quarterstaff      ||    32
       Flail             ||    37
Throw: Throwing net      ||     3
Evoke: Wand              ||     2
  Use: Potion            ||     2
       Scroll            ||     2
